 Dungeon Crawl Stone Soup version 0.28-a0-1002-gf00fe891ef (webtiles) character file.

Game seed: 6789068262237409004

26684 r3xj the Bludgeoner (level 13, -3/113 HPs)
             Began as a Minotaur Berserker on Dec 6, 2021.
             Was a High Priest of Trog.
             Slain by a komodo dragon (11 damage)
             ... while petrified by a catoblepas
             ... on level 4 of the Lair of Beasts.
             The game lasted 00:39:40 (16264 turns).

r3xj the Bludgeoner (Minotaur Berserker)           Turns: 16264, Time: 00:39:40

Health: -3/113     AC: 13    Str: 24    XL:     13   Next: 0%
Magic:  12/12      EV:  2    Int:  4    God:    Trog [*****.]
Gold:   523        SH:  0    Dex: 13    Spells: 12/12 levels left

rFire   . . .      SeeInvis .   z - +5 lajatang
rCold   . . .      Faith    .   (shield currently unavailable)
rNeg    + + +      Spirit   .   K - +5 scale mail "Beshrid" {rElec rCorr}
rPois   ∞          Reflect  .   (helmet restricted)
rElec   +          Harm     .   (no cloak)
rCorr   +          Rampage  .   (no gloves)
Will    .....                   (no boots)
Stlth   ..........              c - amulet of magic regeneration
HPRegen 0.28/turn               E - +4 ring of evasion
MPRegen 0.53/turn               (no ring)

@: petrified, on berserk cooldown, slowed
A: horns 2, retaliatory headbutt
a: Renounce Religion, Berserk, Trog's Hand, Brothers in Arms


You were on level 4 of the Lair of Beasts.
You worshipped Trog.
Trog was extremely pleased with you.
You visited 3 branches of the dungeon, and saw 18 of its levels.
You also visited: Sewer.

You collected 787 gold pieces.
You spent 264 gold pieces at shops.

Inventory:

Hand Weapons
 a - a +0 mace
 b - a +1 eveningstar of draining
 z - a +5 lajatang (weapon)
 N - a +5 halberd
 Q - a +0 war axe
 U - a +5 spear of venom
Missiles
 g - 389 stones (quivered)
 h - 5 javelins
 i - 100 sling bullets
 j - 91 poisoned darts
 v - 6 atropa-tipped darts
 G - 5 silver javelins
 H - 4 curare-tipped darts
 L - a throwing net
Armour
 o - a +0 troll leather armour
 y - a +0 chain mail
 D - the +1 crystal plate armour "Lujeiwk" {Fly rCorr Str-4 SInv}
   (You found it in a sewer)

   Str:       It affects your strength (-4).
   SInv:      It lets you see invisible.
   Fly:       It grants you flight.
   rCorr:     It protects you from acid and corrosion.
 K - the +5 scale mail "Beshrid" (worn) {rElec rCorr}
   (You found it on level 8 of the Dungeon)

   rElec:     It insulates you from electricity.
   rCorr:     It protects you from acid and corrosion.
 P - a +0 scale mail of fire resistance
Jewellery
 c - an amulet of magic regeneration (around neck)
 w - a ring of ice
 E - a +4 ring of evasion (left hand)
 W - a ring of positive energy
Wands
 r - a wand of flame (15)
 I - a wand of iceblast (5)
 R - a wand of digging (5)
 S - a wand of polymorph (6)
 Y - a wand of charming (3)
 Z - a wand of acid (8)
Scrolls
 d - 3 scrolls of silence {unknown}
 e - 2 scrolls of immolation {unknown}
 f - 3 scrolls of summoning {unknown}
 k - a scroll of acquirement {unknown}
 l - 4 scrolls of fear {unknown}
 m - 2 scrolls of enchant armour
 q - 6 scrolls of enchant weapon {unknown}
 s - a scroll of amnesia {unknown}
 t - 5 scrolls of brand weapon {unknown}
 u - 2 scrolls of teleportation
 x - 3 scrolls of fog {unknown}
 A - 3 scrolls of blinking
 J - 2 scrolls of magic mapping {unknown}
 V - 3 scrolls of identify
Potions
 n - 8 potions of curing
 p - 2 potions of mutation
 B - 2 potions of cancellation
 C - a potion of invisibility
 M - 3 potions of lignification
 O - a potion of haste {unknown}
 T - 2 potions of berserk rage {unknown}
 X - a potion of brilliance {unknown}


   Skills:
 + Level 10.2 Fighting
 - Level 19.9(20.1) Maces & Flails
 - Level 5.0(14.0) Staves
 + Level 9.8 Armour
 + Level 9.0 Dodging


You had 12 spell levels left.
You didn't know any spells.
Your spell library was empty.

Dungeon Overview and Level Annotations

Branches:
Dungeon (11/15)            Temple (1/1) D:5            Lair (6/6) D:8
  Slime (0/5) Lair:5          Orc (0/2) D:10          Sewer (visited)
  Swamp: Lair:2-4    Shoals: Lair:2-4     Snake: Lair:2-4    Spider: Lair:2-4

Altars:
Ashenzari
Cheibriados
Dithmenos
Elyvilon
Fedhas
Gozag
Hepliaklqana
Kikubaaqudgha
Makhleb
Nemelex Xobeh
Okawaru
Qazlal
Ru
Sif Muna
Trog
Uskayaw
Vehumet
Wu Jian
Xom
Yredelemnul
Zin
The Shining One
Jiyva

Shops:
D:6 ?   D:9 *

Annotations:
D:5 exclusion: downstairs


Innate Abilities, Weirdness & Mutations

You have a pair of horns on your head.
You reflexively headbutt those who attack you in melee.


Message History

The cane toad stings you but does no damage.
The basilisk hisses angrily.
You are engulfed in calcifying dust.
The cane toad stings you!
You are engulfed in calcifying dust.
A nearby plant withers and dies.
The blink frog blinks!
The cane toad stings you!
* * * LOW HITPOINT WARNING * * *
The blink frog hits you!
* * * LOW HITPOINT WARNING * * *
You are engulfed in calcifying dust.
The blink frog stops moving altogether!
The cane toad stings you but does no damage.
A five-headed hydra comes into view.
The basilisk is engulfed in calcifying dust.
The basilisk stops moving altogether!
You turn to flesh and can move again.
As you read the scroll of teleportation, it crumbles to dust.
You feel strangely unstable.
You are engulfed in calcifying dust.
You are slowing down.
The five-headed hydra roars!
The cane toad stings you!
* * * LOW HITPOINT WARNING * * *
The catoblepas breathes a plume of calcifying dust at you.
The blast of calcifying dust hits the basilisk!
The blast of calcifying dust hits you but does no damage.
The basilisk is engulfed in calcifying dust.
The cane toad misses you. You furiously retaliate!
You headbutt the cane toad.
The basilisk is engulfed in calcifying dust.
The cane toad closely misses you.
The basilisk is engulfed in calcifying dust.
The cane toad barely misses you.
The basilisk is engulfed in calcifying dust.
You have turned to stone.
A six-headed hydra comes into view.
Your surroundings suddenly seem different.
A komodo dragon comes into view.
The six-headed hydra moves out of view.
The komodo dragon barely misses you. The komodo dragon bites you!!
* * * LOW HITPOINT WARNING * * *
The komodo dragon bites you!!
You die...

..... ...P ....
#..# #..# ..#
####l## #...@.#
...............
..##......##...
......### .
##.P#### ###


You could see a komodo dragon.

Vanquished Creatures
  Harold (D:9)
  A hydra (D:10)
  A boulder beetle (D:10)
  5 death yaks (D:8)
  Sonja (Lair:1)
  Urug (Lair:1)
  3 black mambas
  8 cane toads
  2 rime drakes
  5 komodo dragons
  3 trolls
  Grinder (D:5)
  11 blink frogs
  A meliai zombie (D:11)
  Sigmund (D:6)
  A shadow (D:9)
  3 wraiths
  29 yaks
  7 basilisks
  2 wyverns
  A steam dragon (D:6)
  An acid dragon (D:11)
  7 water moccasins
  An ice beast (D:6)
  A swamp drake (D:10)
  3 necrophages
  5 orc warriors
  3 wolves (Lair:2)
  3 ogres
  7 centaurs
  A phantom (D:5)
  A kobold brigand (D:9)
  A gnoll sergeant (D:11)
  13 bullfrogs
  2 scorpions
  A water moccasin skeleton (D:6)
  3 wights (D:9)
  7 killer bees
  4 howler monkeys
  3 centaur zombies
  2 hounds
  A jelly (D:7)
  3 centaur skeletons
  A gnoll shaman (D:8)
  6 orc priests
  3 iron imps (D:5)
  An iguana (D:4)
  10 hell rats
  7 orc wizards
  3 howler monkey zombies
  6 gnolls
  15 adders
  2 shadow imps
  A white imp (D:7)
  An ufetubus (D:4)
  2 adder skeletons (D:4)
  A worm (D:3)
  2 dart slugs
  57 orcs
  A bat (D:3)
  11 endoplasms
  11 giant cockroaches
  5 goblins
  8 hobgoblins
  3 jackals (D:4)
  13 quokkas
  9 ball pythons
  5 frilled lizards
  9 kobolds
  5 rats
359 creatures vanquished.

Vanquished Creatures (others)
  A bush (Lair:2)
  33 fungi
  30 plants
  5 toadstools (D:2)
69 creatures vanquished.

Grand Total: 428 creatures vanquished

Notes
Turn   | Place    | Note
-------+----------+-------------------------------------------
     0 | D:1      | r3xj the Minotaur Berserker began the quest for the Orb.
     0 | D:1      | Reached XP level 1. HP: 19/19 MP: 0/0
    39 | D:1      | Reached skill level 4 in Maces & Flails
   188 | D:1      | Reached XP level 2. HP: 21/26 MP: 1/1
   905 | D:2      | Reached skill level 5 in Maces & Flails
  1105 | D:2      | Reached XP level 3. HP: 22/31 MP: 2/2
  1267 | D:2      | Reached skill level 6 in Maces & Flails
  1267 | D:2      | Reached XP level 4. HP: 25/39 MP: 3/3
  1452 | D:2      | Reached ** piety under Trog
  1453 | D:2      | Found a sacrificial altar of Ru.
  1546 | D:2      | Found a faded altar of an unknown god.
  1982 | D:3      | Found a broken altar of Ashenzari.
  2374 | D:3      | Found an ancient bone altar of Kikubaaqudgha.
  2548 | D:4      | Noticed an ogre
  2559 | D:4      | Killed an ogre
  2560 | D:4      | Reached skill level 7 in Maces & Flails
  2560 | D:4      | Reached XP level 5. HP: 45/45 MP: 4/4
  2743 | D:4      | Reached skill level 8 in Maces & Flails
  2810 | D:4      | Reached XP level 6. HP: 34/51 MP: 5/5
  3160 | D:5      | Entered Level 5 of the Dungeon
  3179 | D:5      | Reached *** piety under Trog
  3211 | D:5      | Reached skill level 9 in Maces & Flails
  3259 | D:5      | Noticed Grinder
  3272 | D:5      | Killed Grinder
  3273 | D:5      | Reached skill level 10 in Maces & Flails
  3273 | D:5      | Reached XP level 7. HP: 57/57 MP: 6/6
  3447 | D:5      | Found a glowing drain.
  3451 | Sewer    | Entered a sewer
  3670 | Sewer    | Identified the +1 crystal plate armour "Lujeiwk" {Fly rCorr
                  | Str-4 SInv}
  4075 | D:5      | Reached skill level 11 in Maces & Flails
  4093 | D:5      | Found a staircase to the Ecumenical Temple.
  4301 | D:5      | Found a burning altar of Makhleb.
  4372 | D:6      | Noticed a steam dragon
  4374 | D:6      | Noticed Sigmund
  4433 | Temple   | Entered the Ecumenical Temple
  4726 | D:6      | Found Fegat's Magic Scroll Shop.
  4737 | D:6      | Bought a scroll of blinking for 90 gold pieces
  4737 | D:6      | Bought a scroll of identify for 24 gold pieces
  4737 | D:6      | Bought a scroll of identify for 24 gold pieces
  4737 | D:6      | Bought a scroll of teleportation for 36 gold pieces
  4805 | D:6      | Noticed a troll
  4812 | D:6      | Killed a troll
  4813 | D:6      | Reached skill level 12 in Maces & Flails
  4813 | D:6      | Reached XP level 8. HP: 61/64 MP: 7/7
  4958 | D:6      | Reached skill level 13 in Maces & Flails
  4977 | D:6      | Killed Sigmund
  5430 | D:6      | Reached skill level 14 in Maces & Flails
  5595 | D:6      | Bought a scroll of enchant armour for 90 gold pieces
  5665 | D:7      | Reached XP level 9. HP: 70/70 MP: 8/8
  5886 | D:7      | Found a glowing golden altar of the Shining One.
  6450 | D:8      | Reached **** piety under Trog
  6514 | D:8      | Reached skill level 15 in Maces & Flails
  6557 | D:8      | Noticed a death yak
  6575 | D:8      | Killed a death yak
  6618 | D:8      | Found a sparkling altar of Nemelex Xobeh.
  6627 | D:8      | Noticed a death yak
  6635 | D:8      | Killed a death yak
  6636 | D:8      | Reached skill level 16 in Maces & Flails
  6655 | D:8      | Found a staircase to the Lair.
  6656 | D:8      | Noticed a death yak
  6658 | D:8      | Noticed a death yak
  6675 | D:8      | Killed a death yak
  6676 | D:8      | Reached skill level 17 in Maces & Flails
  6676 | D:8      | Reached XP level 10. HP: 27/77 MP: 9/9
  6740 | D:8      | Found a basalt altar of Yredelemnul.
  6785 | D:8      | Noticed a death yak
  6790 | D:8      | Killed a death yak
  6798 | D:8      | Reached skill level 18 in Maces & Flails
  6863 | D:8      | Killed a death yak
  7115 | D:8      | Reached skill level 19 in Maces & Flails
  7190 | D:8      | Found a glowing silver altar of Zin.
  7294 | D:8      | Found a shimmering blue altar of Sif Muna.
  7349 | D:8      | Identified the +5 scale mail "Beshrid" {rElec rCorr}
  7835 | D:9      | Reached ***** piety under Trog
  7964 | D:9      | Noticed Harold
  7974 | D:9      | Killed Harold
  8140 | D:9      | Reached XP level 11. HP: 72/82 MP: 10/10
  8257 | D:9      | Found Zuvuceobo's Assorted Antiques.
  8520 | D:10     | Entered Level 10 of the Dungeon
  8637 | D:10     | Found an ornate altar of the Wu Jian Council.
  8662 | D:10     | Noticed a boulder beetle
  8672 | D:10     | Killed a boulder beetle
  8905 | D:10     | Found a white marble altar of Elyvilon.
  8955 | D:10     | Noticed a +0 spear
  8956 | D:10     | Noticed a +0 dagger
  8962 | D:10     | Found a hide-covered altar of Uskayaw.
  8962 | D:10     | Noticed a +0 short sword
  8963 | D:10     | Noticed a +0 dagger
  8964 | D:10     | Noticed a +0 short sword
  8964 | D:10     | Noticed a +0 falchion
  9088 | D:10     | Noticed a +0 falchion
  9090 | D:10     | Noticed a +0 spear
  9295 | D:10     | Noticed an eight-headed hydra
  9303 | D:10     | Killed an eight-headed hydra
  9304 | D:10     | Reached skill level 5 in Staves
  9619 | D:10     | Found a staircase to the Orcish Mines.
  9943 | D:11     | Found a broken altar of Ashenzari.
 10014 | D:11     | HP: 3/85 [centaur/arrow (5)]
 10016 | D:11     | HP: 1/85 [centaur/arrow (3)]
 10616 | D:11     | Reached skill level 5 in Fighting
 11240 | Lair:1   | Entered Level 1 of the Lair of Beasts
 11285 | Lair:1   | Noticed Urug
 11320 | Lair:1   | Killed Urug
 11321 | Lair:1   | Reached skill level 5 in Armour
 11516 | Lair:1   | Noticed Sonja
 11531 | Lair:1   | Killed Sonja
 11532 | Lair:1   | Reached skill level 5 in Dodging
 11698 | Lair:1   | Found a sparkling altar of Nemelex Xobeh.
 12022 | Lair:1   | Reached XP level 12. HP: 68/100 MP: 11/11
 13834 | Lair:3   | Received a gift from Trog
 14666 | Lair:3   | You fall into a shaft and drop 3 floors!
 14666 | Lair:6   | Entered Level 6 of the Lair of Beasts
 15530 | Lair:6   | Noticed a five-headed hydra
 15535 | Lair:5   | Noticed a death yak
 15535 | Lair:5   | Noticed a death yak
 15535 | Lair:5   | Noticed a death yak
 15535 | Lair:5   | Noticed a death yak
 15535 | Lair:5   | Noticed a death yak
 15545 | Lair:5   | Noticed a six-headed hydra
 15551 | Lair:5   | Found a viscous altar of Jiyva.
 15551 | Lair:5   | Found a staircase to the Slime Pits.
 15584 | Lair:6   | Noticed a death yak
 15584 | Lair:6   | Noticed a death yak
 15936 | Lair:5   | Reached skill level 10 in Fighting
 16247 | Lair:4   | Reached XP level 13. HP: 113/113 MP: 12/12
 16264 | Lair:4   | Slain by a komodo dragon

Illustrated notes

Levels and vault maps discovered:
D:1:      dpeg_arrival_ternary, layout_basic, hangedman_abyss_or_decor_stabs
D:2:      layout_loops_ring, ebering_ecumenical_altar_abandoned, basic_altar,
          minmay_gold_behind_fungi, nrook_mini_vaults, kennysheep_generic_room_3
D:3:      layout_loops_ring, mainiacjoe_overflow_catwalk,
          mainiacjoe_overflow_cross_hatched, minmay_unequal
D:4:      layout_rooms
D:5:      layout_rooms, demons_altar, minmay_temple_entry_antechambers,
          gup_sewer_entry_spiral, uniq_grinder
D:6:      layout_loops_corners, serial_shops, nicolae_lakefront_shop,
          grunt_decor_cap, uniq_sigmund
D:7:      layout_gridville, lemuel_doored_altar
D:8:      layout_rooms, old_standard_altar, lemuel_tele_altar,
          nemelex_diamond_rough_becter, lemuel_round_altar, dpeg_lair_monsters,
          special_room [special_room_orc]
D:9:      layout_basic, serial_shops, nicolae_take_the_stairs, uniq_harold
D:10:     layout_irregular_city, nicolae_wu_jian_wuxing_cycle, elyvilon_altar_3,
          nicolae_uskayaw_en_pointe, erik_orc_1, kennysheep_generic_room_8
D:11:     layout_roguey, ashenzari_altar_1
Temple:   minmay_temple_curvy_loop
Lair:1:   layout_roguey, basic_altar, st_stairs_10, grunt_megastairs_5,
          infiniplex_staircase_pool_2, uniq_urug, uniq_sonja
Lair:2:   layout_roguey
Lair:3:   gammafunk_mikee_crab_dinner, layout_hall_layers,
          elwin_shoals_entry_rooms
Lair:4:   layout_loops_ring, minmay_snake_entry_guardpost_large,
          mumra_transporter_accident, grunt_forest_stairs_basic,
          roderic_batcave, kennysheep_basilisk_garden, uniq_kirke
Lair:5:   layout_regular_city, slime_altar_1, hangedman_tree_tricks,
          lemuel_fruit_tree
Lair:6:   hangedman_lair_in_review, layout_gridlike, grunt_megastairs_1

Skill      XL: |  1  2  3  4  5  6  7  8  9 10 11 12 |
---------------+-------------------------------------+-----
Maces & Flails | 4 5 6 7 8 10 12 14 17 19 | 19.9
Staves         | 5 |  5.0
Fighting       | 7 10 | 10.2
Armour         | 6 9 |  9.8
Dodging        | 5 9 |  9.0

Action                   |  1- 3 |  4- 6 |  7- 9 | 10-12 | 13-15 || total
-------------------------+-------+-------+-------+-------+-------++-------
Melee: Mace              |    38 |   116 |       |     6 |       ||   160
       Headbutt          |     6 |    20 |    30 |   132 |       ||   188
       Lajatang          |       |    19 |   173 |   563 |       ||   755
Throw: Dart              |     7 |       |       |       |       ||     7
Invok: Berserk           |       |     3 |     7 |    14 |       ||    24
  Use: Scroll            |       |       |     4 |     8 |     1 ||    13
       Potion            |       |       |       |     1 |       ||     1
 Stab: Confused          |       |       |       |     1 |       ||     1
Armor: Animal skin       |     2 |       |       |       |       ||     2
       Troll leather arm |       |    29 |    36 |    11 |       ||    76
       Scale mail        |       |       |       |   152 |     9 ||   161
Dodge: Dodged            |    14 |    79 |   113 |   343 |     4 ||   553

Table legend: (Time is in decaauts)
 A = Elapsed time spent in this place.
 B = Non-inter-level travel time spent in this place.
 C = Inter-level travel time spent in this place.
 D = Time resting spent in this place.
 E = Time spent auto-exploring this place.
 F = Levels seen in this place.
 G = Mean time per level.
                   A        B        C        D        E       F      G
               +--------+--------+--------+--------+--------+-----+--------+
         Total |  16505 |  15680 |    825 |   3905 |   9003 |  19 |  868.7 |
       Dungeon |  10638 |   9875 |    763 |   1472 |   6667 |  11 |  967.1 |
        Temple |    219 |    196 |     23 |      0 |    192 |   1 |  219.0 |
          Lair |   4976 |   4937 |     39 |   2411 |   1821 |   6 |  829.3 |
         Sewer |    671 |    671 |      0 |     22 |    322 |   1 |  671.0 |
               +--------+--------+--------+--------+--------+-----+--------+

Top non-repeatable levels by time:
    D:10: 1788 daAuts
  Lair:1: 1428 daAuts
  Lair:2: 1095 daAuts
     D:8: 1016 daAuts
     D:2: 1000 daAuts
  Lair:6: 996 daAuts
     D:6: 993 daAuts
     D:7: 986 daAuts
     D:9: 943 daAuts
    D:11: 919 daAuts
  Lair:3: 869 daAuts
     D:5: 802 daAuts
     D:1: 796 daAuts
     D:4: 708 daAuts
     D:3: 683 daAuts
